 Dungeon Crawl Stone Soup version 0.31-a0-174-g85c54bcb58 (webtiles) character file.

Game seed: 11611754456264776685

239 qw the Shooter (level 6, -1/37 HPs)
             Began as a Gargoyle Hunter on June 16, 2023.
             Slain by an orc wizard
             ... wielding a +0 dagger
              (4 damage)
             ... on level 4 of the Dungeon.
             The game lasted 00:00:51 (2477 turns).

qw the Shooter (Gargoyle Hunter)                    Turns: 2477, Time: 00:00:51

Health: -1/37      AC:  8    Str: 15    XL:     6   Next: 7%
Magic:  6/6        EV: 16    Int:  9    God:
Gold:   199        SH:  0    Dex: 15    Spells: 5/5 levels left

rFire   . . .        Y - +1 shortbow
rCold   . . .        (shield currently unavailable)
rNeg    + . .        c - +0 leather armour
rPois   inf          (no helmet)
rElec   +            h - +0 cloak
rCorr   .            (no gloves)
SInv    .            (no boots)
Will    .....        (no amulet)
Stlth   ++           k - +5 ring of evasion
HPRegen 0.26/turn    (no ring)
MPRegen 0.10/turn

%: no passive effects
@: no status effects
A: sickness immunity, AC +4, negative energy resistance 1, electricity
resistance, torment resistance 1, petrification resistance
a: no special abilities


You were on level 4 of the Dungeon.
You visited 1 branch of the dungeon, and saw 4 of its levels.

You collected 199 gold pieces.


Innate Abilities, Weirdness & Mutations

You are immune to sickness and miasma.
Your stone body is resilient. (AC +4)
You are immune to poison.
You resist negative energy. (rN+)
You are resistant to electric shocks. (rElec)
You are resistant to unholy torment.
You are immune to petrification.


   Skills:
 + Level 3.1 Fighting
 - Level 6.0 Ranged Weapons
 - Level 3.2 Armour
 - Level 1.5 Dodging
 - Level 1.1 Stealth


You had 5 spell levels left.
You didn't know any spells.
Your spell library was empty.

Inventory:

Hand Weapons
 Y - a +1 shortbow (weapon)
Armour
 c - a +0 leather armour (worn)
 h - a +0 cloak (worn)
Jewellery
 k - a +5 ring of evasion (left hand)
Scrolls
 b - a scroll of identify
 m - 2 scrolls of fear {unknown}
Potions
 a - a potion of mutation
 d - a potion of invisibility {unknown}
 e - a potion of enlightenment {unknown}
 f - a potion of ambrosia {unknown}
 g - a potion of brilliance {unknown}
 i - a potion of heal wounds {unknown}
 j - a potion of might {unknown}
 l - a potion of cancellation {unknown}

Dungeon Overview and Level Annotations

Branches:
Dungeon (4/15)
 Temple: D:4-7

Altars:

Shops:
D:1 !

Annotations:
D:4 Ijyb


Message History

Ijyb is lightly wounded.
Something hits you but does no damage.
You shoot an arrow. The arrow hits the scorpion.
The scorpion is moderately wounded.
You hear some strange, mumbled words.
A puff of flame appears from out of thin air!
The puff of flame misses you.
You shoot an arrow. The arrow hits the scorpion.
The scorpion is moderately wounded.
Something barely misses you.
You shoot an arrow.
The arrow hits the scorpion but does no damage.
The scorpion is moderately wounded.
You hear some strange, mumbled words.
A puff of flame appears from out of thin air!
The puff of flame hits you but does no damage.
You shoot an arrow. The arrow hits the scorpion.
The scorpion is severely wounded.
Something hits you but does no damage. Something hits you.
You shoot an arrow.
You hear some strange, mumbled words.
Something tries to affect you, but you resist.
You shoot an arrow. The arrow hits the scorpion.
The scorpion is severely wounded.
Something hits you.
You shoot an arrow. The arrow hits the scorpion.
The scorpion is severely wounded.
Something barely misses you.
You shoot an arrow. The arrow barely misses the scorpion.
The arrow hits Ijyb but does no damage.
Ijyb is lightly wounded.
Something hits you but does no damage.
You shoot an arrow.
Ijyb screams, "It's all mine!"
Something barely misses you.
You shoot an arrow.
The arrow hits the scorpion but does no damage.
The scorpion is severely wounded.
Something hits you.
You die...

###..### ###
#...## ..#
#.### #.##
#.# #.. ##.#
#g. ##..#
#s# #..##
#{#######).#
#@......#>.#
######.##.##
#.##.##
#.....#
#####.# #.#
#.. ####


You could see Ijyb and a scorpion.

Vanquished Creatures
  A black bear (D:3)
  8 gnolls
  3 adders
  A worm (D:2)
  2 orcs (D:4)
  An endoplasm (D:3)
  A giant cockroach (D:3)
  6 goblins
  8 hobgoblins
  4 quokkas
  2 ball pythons (D:1)
  3 bats
  2 frilled lizards
  3 kobolds
  4 rats
49 creatures vanquished.

Vanquished Creatures (others)
  An orc (D:4)
1 creature vanquished.

Grand Total: 50 creatures vanquished

Notes
Turn   | Place    | Note
-------+----------+-------------------------------------------
     0 | D:1      | qw the Gargoyle Hunter began the quest for the Orb.
     0 | D:1      | Reached XP level 1. HP: 12/12 MP: 1/1
     0 | D:1      | 0 ||| qw: Version: 0.2-a-29-g511e9b1
     0 | D:1      | 0 ||| qw: Game counter: 5640
     0 | D:1      | 0 ||| qw: Always use a shield: true
     0 | D:1      | 0 ||| qw: God list: Okawaru
     0 | D:1      | 0 ||| qw: Allow faded altars: false
     0 | D:1      | 0 ||| qw: Do Orc after D:15 true
     0 | D:1      | 0 ||| qw: Do second Lair branch before Depths: true
     0 | D:1      | 0 ||| qw: Lair rune preference: random
     0 | D:1      | 0 ||| qw: Plans: Normal, Zot:1-4, Slime:5, God:TSO, Crypt,
                  | Tomb, Abyss, Pan, Hells, Win
     0 | D:1      | 0 ||| PLANNING D:1-11
   152 | D:1      | Found a faded altar of an unknown god.
   169 | D:1      | Reached XP level 2. HP: 12/17 MP: 2/2
   193 | D:1      | Found Ruwyj's Distillery.
   224 | D:1      | 224 ||| SHOPLISTING potion of curing (33 gold, have 10).
   224 | D:1      | 224 ||| SHOPLISTING potion of heal wounds (55 gold, have
                  | 10).
   224 | D:1      | 224 ||| SHOPLISTING potion of lignification (33 gold, have
                  | 10).
   291 | D:1      | Reached XP level 3. HP: 21/21 MP: 3/3
   619 | D:1      | 619 ||| UPGRADING to +0 cloak.
   624 | D:1      | 624 ||| READING scroll labelled XODUGR GOONT.
   625 | D:1      | 625 ||| DROPPING scroll of butterflies.
   763 | D:2      | Reached skill level 5 in Ranged Weapons
   841 | D:2      | Reached skill level 3 in Fighting
   844 | D:2      | Reached XP level 4. HP: 28/28 MP: 4/4
  1044 | D:2      | You fall into a shaft and drop 1 floor!
  1201 | D:3      | 1201 ||| UPGRADING to +5 ring of evasion.
  1202 | D:3      | 1202 ||| READING scroll labelled TIURI XETWUO.
  1203 | D:3      | 1203 ||| READING scroll labelled XOITHIO DIKI.
  1204 | D:3      | 1204 ||| READING 2 scrolls of identify.
  1204 | D:3      | 1204 ||| IDENTIFYING fuming brown potion
  1675 | D:2      | 1675 ||| READING scroll labelled EPYUSCH MEHIPNU.
  1692 | D:2      | 1692 ||| READING scroll labelled RUTZEBI YXABI.
  1745 | D:3      | Reached XP level 5. HP: 32/32 MP: 5/5
  1755 | D:3      | Reached skill level 6 in Ranged Weapons
  2145 | D:3      | 2145 ||| READING scroll labelled HEOROASKIO.
  2146 | D:3      | 2146 ||| READING scroll labelled PAGAIR CUINITA.
  2289 | D:4      | Noticed a black bear
  2294 | D:4      | 2294 ||| STAIRDANCE
  2297 | D:3      | Killed a black bear
  2298 | D:3      | Reached skill level 3 in Armour
  2298 | D:3      | Reached XP level 6. HP: 19/37 MP: 6/6
  2461 | D:4      | Noticed Ijyb
  2464 | D:4      | HP: 4/37 [Ijyb/bolt of dispelling energy (12)]
  2471 | D:4      | HP: 5/37 [something (1)]
  2473 | D:4      | HP: 2/37 [something (4)]
  2477 | D:4      | Slain by an orc wizard

Levels and vault maps discovered:
D:1:      lemuel_arrival_behind_the_door_small, layout_loops_ring,
          ebering_ecumenical_altar_sacrificial, serial_shops,
          nicolae_shop_industrial_runoff, minmay_gold_behind_fungi,
          hangedman_decor_diamond_cutter, minmay_split_cup_small
D:2:      layout_loops_corners, minmay_misc_feat_x
D:3:      wander_river, layout_loops_ring
D:4:      layout_basic, nicolae_overflow_crystal_walls,
          nicolae_hepliaklqana_hazy_memory, uniq_ijyb, uniq_natasha,
          uniq_duvessa

Skill      XL: |  1  2  3  4  5 |
---------------+----------------+-----
Ranged Weapons | 5 6 |  6.0
Fighting       | 3 |  3.1
Armour         | 3 |  3.2
Dodging        | |  1.5
Stealth        | |  1.1

Action                     |  1- 3 |  4- 6 || total
---------------------------+-------+-------++-------
   Fire: Shortbow          |    70 |   120 ||   190
    Use: Scroll            |     1 |     7 ||     8
 Armour: Leather armour    |     3 |    13 ||    16
  Dodge: Dodged            |    10 |    41 ||    51

Table legend:
 A = Non-vault XP
 B = Vault XP
 C = Vault XP percentage of total XP
 D = Non-vault monster count
 E = Vault monster count
 F = Vault count percentage of total count
                 A         B        C        D         E       F
            +---------+---------+-------+---------+---------+-------
      Total |     338 |       4 |   1.2 |      46 |       3 |   6.1
            +---------+---------+-------+---------+---------+-------
        D:1 |      34 |       4 |  10.5 |      14 |       3 |  17.6
        D:2 |      98 |       0 |   0.0 |      14 |       0 |   0.0
        D:3 |     195 |       0 |   0.0 |      13 |       0 |   0.0
        D:4 |      11 |       0 |   0.0 |       5 |       0 |   0.0
            +---------+---------+-------+---------+---------+-------
